Map: Ruins of Seras

Players

GreatBanter

  • Race: Zerg Zerg
  • League: Master

Petraeus - Winner!

  • Race: Zerg Zerg
  • League: Master

Event: NationWars III

VOD

Have the link to the VOD?

Description

Time

  • Played on: Nov. 22, 2015, 5:30 p.m.
  • Length: 7:46

All games in this series

Show
View Real Time Build Order
Export as new Build Order

GreatBanter Zerg 

Build Orders: Hatch First, Zergling Baneling 

Get SALT Encoding   

  12  0:01  Drone  
  13  0:13  Overlord  
  13  0:19  Drone  
  14  0:31  Drone x2  
  16  0:37  Drone  
  17  0:54  Hatchery  
  17  0:56  Drone  
  17  0:59  Drone  
  18  1:09  Extractor  
  17  1:14  Spawning Pool  
  16  1:19  Drone  
  16  1:21  Drone  
  18  1:29  Drone  
  19  1:39  Overlord  
  19  1:51  Drone  
  20  2:00  Drone  
  21  2:02  Queen  
  21  2:05  Queen  
  21  2:06  Zergling x2  
  26  2:10  Metabolic Boost  
  26  2:11  Drone  
  27  2:17  Drone  
  28  2:26  Drone  
  28  2:28  Drone  
  30  2:34  Drone  
  31  2:41  Evolution Chamber  
  31  2:43  Drone, Queen  
  33  2:48  Overlord  
  33  2:49  Drone  
  34  2:55  Drone  
  35  3:00  Drone  
  36  3:12  Drone x3  
  38  3:13  Drone x2  
  38  3:15  Drone x2, Zerg Ground Armor Level 1  
  38  3:19  Overlord  
  42  3:25  Baneling Nest  
  41  3:29  Zergling x4  
  43  3:38  Zergling x2  
  43  3:39  Zergling x2  
  45  3:46  Zergling x4  
  45  3:47  Hatchery  
  46  3:53  Overlord  
  46  3:57  Zergling x10  
  51  4:07  Overlord  
  51  4:12  Queen  
  51  4:13  Queen  
  51  4:15  Overlord  
  55  4:17  Baneling  
  55  4:18  Baneling x3  
  55  4:25  Zergling x2  
  55  4:26  Zergling x6  
  59  4:37  Overlord x2  
  59  4:39  Drone x4  
  59  4:41  Extractor  
  59  4:42  Roach Warren  
  60  4:47  Baneling x4  
  60  4:54  Hatchery  
  59  5:01  Drone x2  
  59  5:02  Drone x2  
  63  5:12  Extractor  
  62  5:15  Zerg Missile Weapons Level 1, Drone x3  
  62  5:18  Drone  
  65  5:36  Drone  
  65  5:37  Drone x2  
  65  5:39  Lair  
  67  5:47  Drone x4  
  71  6:01  Drone x3  
  74  6:05  Drone x3  
  77  6:12  Drone x2  
  77  6:13  Drone, Overlord x2  
  77  6:17  Extractor  
  79  6:20  Roach x2  
  84  6:25  Drone x2  
  84  6:26  Hatchery  
  81  6:37  Roach x5  
  86  6:41  Roach x5  
  86  6:43  Roach x2  
  86  6:44  Roach  
  101  6:50  Overlord x2  
  101  6:53  Overlord  
  101  6:58  Overlord  
  101  7:02  Extractor  
  92  7:18  Roach x7  
  92  7:19  Roach x5  
  104  7:27  Roach  
Show
View Real Time Build Order
Export as new Build Order

Petraeus Zerg - Winner!

Build Orders: Hatch First 

Get SALT Encoding   

  12  0:01  Drone  
  13  0:13  Overlord  
  13  0:18  Drone  
  14  0:31  Drone x2  
  16  0:35  Drone  
  17  0:54  Hatchery  
  16  0:57  Drone  
  16  1:01  Drone  
  18  1:07  Extractor  
  17  1:16  Spawning Pool  
  16  1:19  Drone  
  16  1:23  Drone  
  18  1:28  Drone  
  19  1:39  Overlord  
  19  1:50  Drone  
  20  2:01  Drone  
  21  2:03  Queen  
  21  2:05  Queen  
  21  2:07  Metabolic Boost  
  25  2:12  Drone  
  25  2:15  Drone  
  27  2:17  Drone  
  28  2:23  Drone  
  28  2:27  Zergling x2  
  30  2:33  Drone  
  31  2:38  Drone  
  32  2:47  Hatchery  
  32  2:50  Drone  
  32  2:54  Baneling Nest  
  32  2:58  Drone  
  32  3:01  Overlord  
  31  3:07  Zergling x2  
  32  3:14  Zergling x2  
  32  3:15  Drone x2  
  35  3:21  Drone x2, Queen  
  35  3:25  Zergling x2  
  40  3:28  Overlord  
  40  3:34  Zergling x4  
  42  3:38  Zergling x4  
  44  3:48  Zergling x8  
  47  3:49  Zergling x2  
  47  3:50  Zergling x2  
  47  3:52  Zergling x2  
  51  3:56  Zergling x2  
  51  3:58  Overlord  
  51  4:02  Drone  
  53  4:04  Drone  
  53  4:05  Baneling x2  
  54  4:14  Zergling x2  
  54  4:15  Zergling x2  
  54  4:16  Baneling x4  
  56  4:19  Drone x3  
  56  4:20  Drone x2  
  56  4:21  Drone  
  56  4:23  Extractor x2  
  60  4:31  Lair  
  60  4:35  Roach Warren  
  60  4:36  Drone  
  60  4:39  Drone x2  
  60  4:43  Drone  
  60  4:44  Drone  
  62  4:46  Drone x2  
  62  4:50  Drone  
  65  4:59  Evolution Chamber  
  62  5:03  Drone  
  63  5:11  Drone x2  
  63  5:13  Overlord x3  
  65  5:27  Zerg Missile Weapons Level 1  
  64  5:31  Drone  
  64  5:32  Drone  
  64  5:33  Glial Reconstitution  
  64  5:35  Roach x7  
  80  5:38  Drone  
  81  5:43  Roach x4  
  81  5:47  Overlord x2  
  81  5:49  Drone  
  90  5:53  Extractor  
  89  6:02  Overlord x2  
  89  6:03  Overlord  
  87  6:06  Roach x4  
  96  6:12  Roach  
  96  6:13  Roach x2  
  102  6:19  Roach  
  102  6:23  Roach x5  
  114  6:28  Overlord x2  
  114  6:30  Roach  
  115  6:36  Roach x3  
  115  6:38  Roach  
  115  6:39  Roach  
  124  6:42  Roach  
  124  6:45  Roach  
  127  6:47  Roach  
  127  6:51  Overlord  
  129  6:55  Roach  
  129  6:57  Overlord  
  129  6:59  Roach  
  133  7:03  Roach  
  133  7:04  Roach x2  
  133  7:06  Drone x3  
  143  7:08  Drone  
  137  7:16  Roach x2  
  137  7:17  Drone  
  137  7:19  Drone  
  137  7:20  Drone  
  137  7:21  Extractor  
  137  7:22  Extractor  
  138  7:24  Drone x2  
  138  7:25  Drone  
  138  7:27  Extractor  
  132  7:32  Drone  
  132  7:33  Drone x2  
Tags
 
Add a new tag
Caveats
  • Supply blocks, unpowered buildings, or Contaminate may cause inaccurate times.
  • Supply counts are checked every 10 seconds.